 Dungeon Crawl Stone Soup version 0.22-a0-348-gd16d139 (webtiles) character file.

44 Amnesiac the Cutter (level 3, 0/18 HPs)
             Began as a Vine Stalker Gladiator on Apr 8, 2018.
             Was an Initiate of Okawaru.
             Slain by a worm (7 damage)
             ... on level 2 of the Dungeon.
             The game lasted 00:01:43 (1879 turns).

Amnesiac the Cutter (Vine Stalker Gladiator)        Turns: 1879, Time: 00:01:45

Health: 0/18       AC:  4    Str: 17    XL:     3   Next: 60%
Magic:  0/4        EV: 13    Int:  8    God:    Okawaru [......]
Gold:   98         SH:  0    Dex: 19    Spells: 2/2 levels left

rFire    . . .     SeeInvis .   a - +0 rapier
rCold    . . .     Gourm    .   (no shield)
rNeg     . . .     Faith    .   b - +0 leather armour
rPois    .         Spirit   +   c - +0 helmet
rElec    .         Reflect  .   (no cloak)
rCorr    .         Harm     .   (no gloves)
MR       +....                  (no boots)
Stlth    ++........             (no amulet)
HPRegen  0.06/turn              m - ring of protection from magic
MPRegen  0.09/turn              o - +4 ring of dexterity

@: no status effects
A: fangs 2, magic shield, antimagic bite, no potion heal 3, rot immunity
a: Renounce Religion


You were on level 2 of the Dungeon.
You worshipped Okawaru.
Okawaru was noncommittal.
You were not hungry.

You visited 1 branch of the dungeon, and saw 2 of its levels.

You collected 98 gold pieces.

Inventory:

Hand Weapons
 a - a +0 rapier (weapon)
Missiles
 d - 3 throwing nets (quivered)
 n - 7 tomahawks of dispersal
Armour
 b - a +0 leather armour (worn)
 c - a +0 helmet (worn)
Jewellery
 m - a ring of protection from magic (left hand)
 o - a +4 ring of dexterity (right hand)
Scrolls
 g - a scroll of immolation {!r, unknown}
 i - 5 scrolls of identify {!r, unknown}
 k - a scroll of teleportation {!r, unknown}
 l - a scroll of magic mapping {!r, unknown}
 p - a scroll of remove curse {!r, unknown}
Potions
 e - a potion of degeneration {!q, unknown}
 j - a potion of brilliance {!q, unknown}
 q - a potion of heal wounds {!q, unknown}
Comestibles
 f - 6 rations
 h - 3 chunks of flesh


   Skills:
 - Level 1.7 Fighting
 * Level 3.3 Short Blades
 - Level 1.7 Throwing
 - Level 2.4 Dodging
 + Level 3.1 Stealth


You had 2 spell levels left.
You didn't know any spells.

Dungeon Overview and Level Annotations

Branches:
Dungeon (2/15)

Altars:
Ashenzari
Okawaru
The Shining One


Innate Abilities, Weirdness & Mutations

You have extremely sharp teeth.
When hurt, damage is shared between your health and your magic reserves.
Your bite disrupts and absorbs the magic of your enemies.
Potions cannot restore your health.
You are immune to rotting.


Message History

As you close the door, it creaks loudly!
The rat bites you but does no damage.
You hit the rat but do no damage. You bite the rat, but do no damage.
The rat misses you.
You puncture the rat!
You kill the rat!
Okawaru accepts your kill.
You see here a rat corpse.
You see here a rat corpse.
You butcher the rat corpse.
h - 2 chunks of flesh (gained 1)
You see here a rat skeleton.
You start resting.
Eating one of 2 chunks of flesh.
You eat one of the 2 chunks of flesh.
This raw flesh tastes terrible.
HP restored.
You start resting.
HP restored.
You see here a rat skeleton.
You open the door.
The worm is too close now for your liking.
There is an open door here.
A worm is nearby!
A worm is nearby!
You puncture the worm! You bite the worm. You drain its power.
The worm is heavily wounded.
You puncture the worm!
You kill the worm!
Okawaru accepts your kill.
You see here a worm corpse.
You butcher the worm corpse.
h - 4 chunks of flesh (gained 3)
You now have 98 gold pieces (gained 2).
There is an open door here.
You see here a rat skeleton.
A rat comes into view.
The rat moves out of view.
Found a yellow potion.
A rat is nearby!
You hit the rat.
You kill the rat!
Okawaru accepts your kill.
No target in view!
q - a yellow potion {!q} Some of the chunks of flesh in your inventory have rotted away.
No target in view!
The worm is too close now for your liking.
You see here 25 arrows.
A worm is nearby!
A worm is nearby!
The worm barely misses you.
Your leather armour prevents you from hitting the worm.
The worm bites you!
You barely miss the worm. You bite the worm. You drain its power.
You feel invigorated.
The worm is lightly wounded.
You hit the worm. You bite the worm. You drain its power.
The worm is moderately wounded.
The worm bites you.
* * * LOW HITPOINT WARNING * * *
You hit the worm. You bite the worm. You drain its power.
You feel invigorated.
The worm is moderately wounded.
The worm bites you!
You die...

.## #.## ##'## #.# .#
#..## #.# #.## .#
###.#.########.## #... .#
#...............# #### .#
#.##.##..####...## ## #.
#.##..........# #
#.##...###...## #####
#......w.##..# ##...###
####..@#.##..###.......
#...#.............##
#.#####...####..###.....#
#.....(.........# ##...##
##########.####..# #####
#........#.......#### #
#.######.####.......# ##
#######.#
####.####.#.###.# ##.
.....##.#
#............##.#####..


You could see a worm.

Vanquished Creatures
  An ooze (D:1)
  A worm (D:2)
  3 leopard geckos
  4 bats
  3 giant cockroaches
  3 goblins
  A hobgoblin (D:1)
  6 kobolds
  6 frilled lizards
  8 rats
36 creatures vanquished.

Notes
Turn   | Place    | Note
-------+----------+-------------------------------------------
     0 | D:1      | Amnesiac the Vine Stalker Gladiator began the quest for the Orb.
     0 | D:1      | Reached XP level 1. HP: 11/11 MP: 2/2
   157 | D:1      | Reached XP level 2. HP: 14/15 MP: 3/3
   459 | D:1      | Found a shattered altar of Ashenzari.
   699 | D:1      | Reached XP level 3. HP: 11/18 MP: 4/4
  1124 | D:2      | Found an iron altar of Okawaru.
  1230 | D:2      | Became a worshipper of Warmaster Okawaru
  1273 | D:2      | Found a glowing golden altar of the Shining One.
  1879 | D:2      | Slain by a worm

Vault maps used:
D:1:      dpeg_arrival_stonehenge_8_columns, grunt_decor_one_mirror,
          kennysheep_pointless_box, ashenzari_altar_1
D:2:      okawaru_gym_becter, nicolae_ru_path_of_blood,
          nicolae_overflow_crystal_walls, grunt_decor_fettered

Skill      XL: |  1  2  3 |
---------------+----------+-----
Stealth        | 2 3 |  3.1
Short Blades   | 3 |  3.3
Fighting       | |  1.7
Throwing       | |  1.7
Dodging        | |  2.4

Action                   || total
-------------------------++-------
Melee: Rapier            ||    75
       Bite              ||    14
 Stab: Sleeping          ||     9
  Eat: Chunk             ||     3
Armor: Leather armour    ||    14
Dodge: Dodged            ||    42

Table legend:
 A = Spawn XP
 B = Non-spawn XP
 C = Spawn XP percentage of total XP
 D = Spawn monster count
 E = Non-spawn monster count
 F = Spawn count percentage of total count
 G = Total turns spent on level
                    A         B        C        D         E        F      G
               +---------+---------+-------+---------+---------+-------+---------
         Total |       0 |      63 |   0.0 |       0 |      36 |   0.0 |  1879
               +---------+---------+-------+---------+---------+-------+---------
           D:1 |       0 |      34 |   0.0 |       0 |      18 |   0.0 |   869
           D:2 |       0 |      29 |   0.0 |       0 |      18 |   0.0 |  1010
               +---------+---------+-------+---------+---------+-------+---------
